Match 46836721
Unlisted

Match 46836721
End
Selects Australian Defense Battlegroup
Selects Australian Light Infantry Section
Australian Light Infantry Section
Construct Section Command Post
Dingo Light Scout Car
Australian Light Infantry Section
Royal Engineer Section
Construct Platoon Command Post
Unlock M3 Stuart Light Tanks
M3 Stuart Light Tank
M3 Stuart Light Tank
Infantry Section
Light Vehicle Training
Selects Defensive Tactics
Construct Field Infirmary
Construct Company Command Post
Infantry Section
Selects Vehicle Over Repair
Unlock M3 Grant Medium Tanks
Selects CMP 15cwt Supply Run
M3 Grant Medium Tank
CMP 15cwt Supply Run
Selects Reinforced Resource Caches
M3 Grant Medium Tank
M3 Grant Medium Tank
M3 Grant Medium Tank
M3 Grant Medium Tank
Armored Vehicle Training
Selects Archer Tank Destroyer
Archer Tank Destroyer
JoOp1809
CiachBajera
JVM
Дэн_Карлионе
ILoveGingers
IronDragon
[PD] [9C] [FT] Claudius Tacitus
Nico-Nico-Nii~~
0
0

Comments sign in to comment!

No comments posted yet!